 Dungeon Crawl Stone Soup version 0.23-a0-164-g7711e57 (webtiles) character file.

21 Amnesiac the Gusty (level 2, 0/19 HPs)
             Began as a Mummy Air Elementalist on Sept 10, 2018.
             Slain by Purgy (3 damage)
             ... in a sewer.
             The game lasted 00:02:19 (747 turns).

Amnesiac the Gusty (Mummy Air Elementalist)          Turns: 747, Time: 00:02:19

Health: 0/19       AC:  5    Str: 11    XL:     2   Next: 65%
Magic:  2/6        EV: 12    Int: 14    God:
Gold:   0          SH:  0    Dex: 12    Spells: 4/7 levels left

rFire    x . .     SeeInvis .   g - +0 morningstar
rCold    + . .     Gourm    .   (no shield)
rNeg     + + +     Faith    .   a - +0 robe
rPois    ∞         Spirit   .   f - +2 hat
rElec    .         Reflect  .   (no cloak)
rCorr    .         Harm     .   e - +0 pair of gloves
MR       .....                  (no boots)
Stlth    +.........             (no amulet)
HPRegen  0.06/turn              (no ring)
MPRegen  0.10/turn              (no ring)

@: very slow
A: no food or potions, fire vulnerability, cold resistance 1, negative energy
resistance 3, torment resistance, unbreathing
a: no special abilities


You were in a sewer.
You were not hungry.

You visited 1 branch of the dungeon, and saw 3 of its levels.
You also visited: Sewer.

Inventory:

Hand Weapons
 g - a +0 morningstar (weapon)
Armour
 a - a +0 robe (worn)
 e - a +0 pair of gloves (worn)
 f - a +2 hat (worn)
Scrolls
 b - 2 scrolls of enchant armour {!r, unknown}
 c - 2 scrolls of teleportation {!r, unknown}
 d - a scroll of immolation {!r, unknown}
 h - a scroll of blinking {!r, unknown}


   Skills:
 - Level 1.5 Dodging
 - Level 1.5 Stealth
 + Level 3.1 Spellcasting
 - Level 0.7 Conjurations
 * Level 3.1 Air Magic


You had 4 spell levels left.
You knew the following spells:

 Your Spells              Type           Power        Failure   Level  Hunger
a - Shock                 Conj/Air       #...         10%         1    N/A
z - Swiftness             Chrm/Air       #.......     17%         2    N/A

Your spell library contained the following spells:

 Spells                   Type           Power        Failure   Level  Hunger
 Static Discharge         Conj/Air       #.......     28%         3    N/A
 Airstrike                Air            ##........   50%         4    N/A
 Lightning Bolt           Conj/Air       #.........   95%         5    N/A

Dungeon Overview and Level Annotations

Branches:
Dungeon (3/15)

Altars:

Annotations:
Sewer Purgy


Innate Abilities, Weirdness & Mutations

You do not eat or drink.
Your flesh is vulnerable to fire.
You are immune to poison.
Your flesh is cold resistant. (rC+)
You are immune to negative energy. (rN+++)
You are immune to unholy pain and torment.
You can survive without breathing.


Message History

Purgy is moderately wounded.
Purgy bites you but does no damage. Purgy claws you but does no damage. x2
Unknown command.
Casting: Shock (safe; 10% risk of failure)
Confirm with . or Enter, or press ? or * to list all spells.
Aiming: Shock (safe; 10% risk of failure)
Press: ? - help, Shift-Dir - straight line, f/p - Purgy
Aim: Purgy (moderately wounded)
The zap hits Purgy.
Purgy is moderately wounded.
The zap hits Purgy.
Purgy is moderately wounded.
Purgy closely misses you. x2; Purgy barely misses you.
Unknown command.
Casting: Shock (safe; 10% risk of failure)
Confirm with . or Enter, or press ? or * to list all spells.
Aiming: Shock (safe; 10% risk of failure)
Press: ? - help, Shift-Dir - straight line, f/p - Purgy
Aim: Purgy (moderately wounded)
The zap hits Purgy.
Purgy is heavily wounded.
The zap misses Purgy.
Purgy bites you but does no damage. Purgy claws you but does no damage.
Purgy barely misses you.
Unknown command.
Casting: Shock (safe; 10% risk of failure)
Confirm with . or Enter, or press ? or * to list all spells.
Aiming: Shock (safe; 10% risk of failure)
Press: ? - help, Shift-Dir - straight line, f/p - Purgy
Aim: Purgy (heavily wounded)
The zap misses Purgy.
The zap hits Purgy.
Purgy is heavily wounded.
Purgy closely misses you. Purgy claws you but does no damage. x2
Unknown command.
Casting: Shock (safe; 10% risk of failure)
Confirm with . or Enter, or press ? or * to list all spells.
You don't have enough magic to cast that spell.
Unknown command.
Purgy barely misses you. Purgy closely misses you. x2
You closely miss Purgy.
Purgy is heavily wounded.
Purgy misses you. Purgy claws you but does no damage. Purgy claws you.
Purgy barely misses you. Purgy claws you. Purgy claws you but does no damage.
You hit Purgy.
Purgy is heavily wounded.
Purgy closely misses you. Purgy barely misses you. Purgy closely misses you.
You hit Purgy.
Purgy is heavily wounded.
Purgy barely misses you. Purgy closely misses you. Purgy barely misses you. x3
Purgy claws you but does no damage.
Purgy snarls, "My home!
Leave!"
There is an empty arch of ancient stone here.
Purgy closely misses you. Purgy claws you. Purgy closely misses you.
There is an open door here.
There is an open door here.
Purgy bites you. Purgy claws you but does no damage. Purgy closely misses you.
You see here a bat corpse.
You enter the shallow water.
Moving in this stuff is going to be slow.
Purgy bites you!
* * * LOW HITPOINT WARNING * * *
Purgy claws you.
* * * LOW HITPOINT WARNING * * *
Purgy claws you.
You die...

### ### #%# #∩# #.# #.#
#'##+##+##.##+##+##+#
#######...............(..(###
≈≈≈≈≈≈#≈≈≈≈≈≈≈≈≈.≈≈≈≈≈≈≈≈≈#≈≈
≈≈≈≈≈≈#≈≈≈≈≈≈≈≈≈∩≈≈≈≈≈≈≈≈≈#≈≈
≈≈≈≈≈≈#≈≈≈≈≈@≈≈≈.≈≈≈≈≈≈≈≈≈#≈≈
#######.....†T...........(#
#'##'##'##'##'##'##'#
#.##.##.##.##.##)##)#
#!##.##!##.##.##)##.#
#####################


You could see Purgy.

Vanquished Creatures
  A leopard gecko (D:3)
  3 orcs (D:3)
  A giant cockroach (D:1)
  A goblin (D:2)
  2 hobgoblins
  3 bats
  A frilled lizard (D:2)
  2 kobolds (Sewer)
  3 rats
17 creatures vanquished.

Notes
Turn   | Place    | Note
-------+----------+-------------------------------------------
     0 | D:1      | Amnesiac the Mummy Air Elementalist began the quest for the
                  | Orb.
     0 | D:1      | Reached XP level 1. HP: 13/13 MP: 4/4
   286 | D:2      | You fall through a shaft!
   292 | D:3      | Reached XP level 2. HP: 19/19 MP: 1/5
   299 | D:3      | Learned a level 2 spell: Swiftness
   535 | D:3      | Found a glowing drain.
   542 | Sewer    | Entered a sewer
   720 | Sewer    | Noticed Purgy
   747 | Sewer    | Slain by Purgy

Vault maps used:
D:1:      dpeg_arrival_renting, doesnt_xom_only_xom
D:2:      grunt_temple_overflow_diamond, first_ration
D:3:      lightli_temple_of_fire, cheibrodos_sewer_entry_sluice
Sewer:    kennysheep_door_sewer

Skill      XL: |  1  2 |
---------------+-------+-----
Air Magic      | 3 |  3.1
Spellcasting   | 3 |  3.1
Dodging        | |  1.5
Stealth        | |  1.5
Conjurations   | |  0.7

Action                   || total
-------------------------++-------
Melee: Unarmed           ||     9
       Morningstar       ||     4
 Cast: Shock             ||    36
Armor: Robe              ||    22
Dodge: Dodged            ||    45

Table legend:
 A = Non-vault XP
 B = Vault XP
 C = Vault XP percentage of total XP
 D = Non-vault monster count
 E = Vault monster count
 F = Vault count percentage of total count
                 A         B        C        D         E       F
            +---------+---------+-------+---------+---------+-------
      Total |      25 |       6 |  19.4 |      13 |       4 |  23.5
            +---------+---------+-------+---------+---------+-------
        D:1 |       5 |       0 |   0.0 |       3 |       0 |   0.0
        D:2 |       3 |       0 |   0.0 |       2 |       0 |   0.0
        D:3 |      17 |       1 |   5.6 |       8 |       1 |  11.1
      Sewer |       0 |       5 | 100.0 |       0 |       3 | 100.0
            +---------+---------+-------+---------+---------+-------
